 Dungeon Crawl Stone Soup version 0.30-a0-626-gd6a5dd7a1f (webtiles) character file.

Game seed: 6506241934117440221

1644 hikkokomori the Fighter (level 9, -1/75 HPs)
             Began as a Formicid Fighter on Jan 12, 2023.
             Was a Believer of Okawaru.
             Splashed by a jelly's acid (2 damage)
             ... on level 6 of the Dungeon.
             The game lasted 00:07:16 (5047 turns).

hikkokomori the Fighter (Formicid Fighter)          Turns: 5047, Time: 00:07:17

Health: -1/75      AC: -8    Str: 23    XL:     9   Next: 19%
Magic:  8/9        EV: 10    Int: 10    God:    Okawaru [**....]
Gold:   356        SH: 10    Dex: 13    Spells: 8/8 levels left

rFire   + + .      SeeInvis +    a - +1 war axe
rCold   + + .      Faith    .    c - +0 buckler
rNeg    . . .      Spirit   .    G - +2 ring mail {Will+}
rPois   +          Reflect  +    (helmet unavailable)
rElec   +          Harm     .    k - scarf {rC+ rF+}
rCorr   +          Rampage  .    (no gloves)
Will    +....                    (no boots)
Stlth   +                        x - amulet of reflection
HPRegen 0.32/turn                m - +4 ring of slaying
MPRegen 0.11/turn                (no ring)

@: resistant, corroded
A: permanent stasis, dig shafts and tunnels, antennae 3, four strong arms
a: Dig, Shaft Self, Renounce Religion, Heroism


You were on level 6 of the Dungeon.
You worshipped Okawaru.
Okawaru was pleased with you.
You visited 2 branches of the dungeon, and saw 7 of its levels.
You also visited: Sewer.

You collected 356 gold pieces.

Inventory:

Hand Weapons
 a - a +1 war axe (weapon)
Missiles
 u - 2 silver javelins
Armour
 b - a +0 scale mail
 c - a +0 buckler (worn)
 k - a scarf of resistance (worn)
 G - a +2 ring mail of willpower (worn)
Jewellery
 m - a +4 ring of slaying (left hand)
 v - a +6 ring of intelligence
 x - an amulet of reflection (around neck)
Wands
 E - a wand of flame (16)
 I - a wand of polymorph (6)
Scrolls
 e - a scroll of magic mapping {unknown}
 g - 2 scrolls of immolation
 n - 2 scrolls of enchant weapon
 t - 3 scrolls of identify
 w - 3 scrolls of noise {unknown}
 y - a scroll of fog {unknown}
 A - a scroll of blinking {unknown}
 B - a scroll of fear
 C - a scroll of poison {unknown}
 H - a scroll of amnesia {unknown}
Potions
 d - 2 potions of might
 f - 2 potions of heal wounds {unknown}
 h - 3 potions of resistance
 i - 3 potions of curing {unknown}
 j - 3 potions of berserk rage {unknown}
 l - 2 potions of magic
 o - 4 potions of flight
 p - a potion of invisibility {unknown}
 q - 2 potions of attraction {unknown}
 r - 2 potions of haste {unknown}
 s - a potion of brilliance {unknown}
 z - a potion of experience {unknown}
 D - a potion of mutation {unknown}
 F - a potion of lignification {unknown}


   Skills:
 + Level 8.9 Fighting
 + Level 7.7 Axes
 - Level 3.3 Armour
 - Level 5.5 Shields


You had 8 spell levels left.
You didn't know any spells.
Your spell library contained the following spells:

 Spells                   Type           Power      Damage    Failure   Level
 Static Discharge         Conj/Air       0%         2-2/arc   71%         2
 Dazzling Flash           Conj/Hex       0%         N/A       91%         3
 Vhi's Electric Charge    Tloc/Air       0%         N/A       91%         3
 Iskenderun's Mystic Bla  Conj/Tloc      0%         2d3       100%        4
 Arcjolt                  Conj/Air       0%         1d10      100%        5
 Lightning Bolt           Conj/Air       0%         1d11      100%        5
 Conjure Ball Lightning   Conj/Air       0%         3x3d6     100%        6
 Starburst                Conj/Fire      0%         6d3       100%        6
 Discord                  Hex            0%         N/A       100%        8
 Disjunction              Tloc           0%         N/A       100%        8


Dungeon Overview and Level Annotations

Branches:
Dungeon (6/15)             Temple (1/1) D:5           Sewer (visited)

Altars:
Cheibriados
Dithmenos
Fedhas
Gozag
Hepliaklqana
Makhleb
Okawaru
Sif Muna
Trog
Uskayaw
Vehumet
Wu Jian
Xom
Yredelemnul
Zin
The Shining One

Shops:
D:6 =?=


Innate Abilities, Weirdness & Mutations

You cannot be hasted, slowed, berserked, paralysed or teleported.
You can dig through walls and to a lower floor.
You have a pair of large antennae on your head. (SInv)
Your four strong arms can wield two-handed weapons with a shield.


Message History

The jelly is severely wounded.
The jelly closely misses you.
You slash the jelly!
You kill the jelly!
Okawaru accepts your kill.
You feel like a meek peon again.
You hit the endoplasm.
The endoplasm is almost dead.
The endoplasm freezes you.
You are frozen.
You resist.
You slash the endoplasm!
You kill the endoplasm!
Okawaru accepts your kill.
You hit the jelly. The acid corrodes you!
Your hands burn!
The jelly is moderately wounded.
The jelly closely misses you.
You hit the jelly.
Your hands burn!
The jelly is moderately wounded.
The jelly hits you.
* * * LOW HITPOINT WARNING * * *
You are splashed with acid!
* * * LOW HITPOINT WARNING * * *
You slash the jelly! The acid corrodes you!
Your hands burn!
* * * LOW HITPOINT WARNING * * *
The jelly is almost dead.
The jelly hits you.
* * * LOW HITPOINT WARNING * * *
You are splashed with acid!
* * * LOW HITPOINT WARNING * * *
The jelly misses you.
Okay, then.
You hit the jelly.
You kill the jelly!
Okawaru accepts your kill.
It was a potion of resistance.
You feel protected. The jelly hits you.
* * * LOW HITPOINT WARNING * * *
You are splashed with acid.
You resist.
You die...

##..[..## #.##.#..
#.......# #.##...#
#.......# #.......
#.......#####.)..##
#.......##........#
#....######.#.#####
#....'..###.#.#...#
########.##.#.#^...
##@.)...###.#.#.#.#
#J####### #.#.#..<.
#.......÷.
#.#.#.###
#....÷P..÷
#.#......
#...P.P÷P. ###.###
#.....P.P.
#.###....
#......÷..
#........
#........?
####.....
########## #.....


You could see a jelly.

Vanquished Creatures
  A slime creature (D:6)
  An orc warrior (D:6)
  2 black bears (D:5)
  A phantom (D:5)
  2 kobold brigands (D:6)
  3 scorpions
  2 necrophages (D:4)
  4 hounds
  5 jellies (D:6)
  An orc priest (D:3)
  An orc wizard (D:5)
  A merfolk siren (Sewer)
  A merfolk avatar (Sewer)
  11 adders
  2 river rats (Sewer)
  2 white imps (D:5)
  3 adder skeletons (D:2)
  An adder zombie (D:2)
  A worm (D:3)
  2 dart slugs
  22 orcs
  11 ball pythons
  6 bats
  A bat skeleton (D:2)
  A bat zombie (D:2)
  13 endoplasms
  5 giant cockroaches
  5 goblins
  10 hobgoblins
  18 jackals
  7 kobolds
  4 quokkas
  6 frilled lizards
  A quokka zombie (D:2)
  22 rats
179 creatures vanquished.

Vanquished Creatures (others)
  A fungus (D:6)
  9 toadstools (D:6)
  3 withered plants (D:2)
13 creatures vanquished.

Grand Total: 192 creatures vanquished

Notes
Turn   | Place    | Note
-------+----------+-------------------------------------------
     0 | D:1      | hikkokomori the Formicid Fighter began the quest for the
                  | Orb.
     0 | D:1      | Reached XP level 1. HP: 18/18 MP: 1/1
   148 | D:1      | Reached XP level 2. HP: 19/24 MP: 2/2
   383 | D:1      | Reached XP level 3. HP: 30/30 MP: 3/3
  1121 | D:2      | Reached skill level 4 in Fighting
  1121 | D:2      | Reached XP level 4. HP: 37/37 MP: 4/4
  1855 | D:3      | Reached skill level 5 in Shields
  1867 | D:3      | Found a shimmering altar of Xom.
  1951 | D:3      | Reached XP level 5. HP: 39/42 MP: 5/5
  2000 | D:3      | Found a glowing drain.
  2018 | Sewer    | Entered a sewer
  2188 | Sewer    | Noticed a malarious merfolk avatar
  2194 | Sewer    | Reached XP level 6. HP: 50/50 MP: 6/6
  2212 | Sewer    | Reached skill level 5 in Fighting
  3133 | D:3      | Found a faded altar of an unknown god.
  3253 | D:4      | Noticed a +0 spear
  3253 | D:4      | Noticed a +0 short sword
  3253 | D:4      | Noticed a +0 spear
  3253 | D:4      | Noticed a +0 falchion
  3254 | D:4      | Noticed a +0 short sword
  3254 | D:4      | Noticed a +0 falchion
  3256 | D:4      | Noticed a +0 dagger
  3256 | D:4      | Noticed a +0 dagger
  3270 | D:4      | Found a hide-covered altar of Uskayaw.
  3493 | D:4      | Reached XP level 7. HP: 53/57 MP: 7/7
  3514 | D:4      | Reached skill level 6 in Fighting
  3769 | D:5      | Entered Level 5 of the Dungeon
  3769 | D:5      | Found a staircase to the Ecumenical Temple.
  3790 | D:5      | Reached skill level 5 in Axes
  3808 | Temple   | Entered the Ecumenical Temple
  3906 | Temple   | Became a worshipper of Warmaster Okawaru
  4074 | D:5      | Reached XP level 8. HP: 56/65 MP: 8/8
  4119 | D:5      | Reached skill level 7 in Fighting
  4205 | D:5      | Found a basalt altar of Yredelemnul.
  4207 | D:5      | Found a shimmering blue altar of Sif Muna.
  4210 | D:5      | Reached * piety under Okawaru
  4568 | D:6      | Found Tizud's Jewellery Shop.
  4608 | D:6      | Found Diugras's Jewellery Shop.
  4720 | D:6      | Found Ihiss's Magic Scroll Shoppe.
  4831 | D:6      | Reached skill level 8 in Fighting
  5027 | D:6      | Noticed a slime creature
  5035 | D:6      | Killed a slime creature
  5035 | D:6      | Reached ** piety under Okawaru
  5036 | D:6      | Reached XP level 9. HP: 30/75 MP: 6/9
  5045 | D:6      | HP: 2/75 [acid (7)]
  5047 | D:6      | Splashed by a jelly's acid

Illustrated notes

Levels and vault maps discovered:
D:1:      arrival_zaba_pyramid, layout_basic, hangedman_decor_lopped,
          minmay_pentomino_r4
D:2:      layout_basic, serial_undead, serial_undead_b, serial_undead_c,
          serial_undead_b, serial_undead_b, serial_undead_b, serial_undead_a,
          serial_undead_d, serial_undead_c, grunt_ministairs_7
D:3:      layout_basic, amcnicky_altar_gilded, ebering_ecumenical_altar_hall,
          cheibrodos_sewer_entry_bend, kennysheep_donut, grunt_ministairs_6,
          minmay_misc_feat_nine_boxes, chequers_serial_rivers_micro_c
D:4:      layout_cave_pools, nicolae_uskayaw_en_pointe
D:5:      layout_loops_ring, chequers_temple_overflow_statue_of_worship,
          temple_pool_b, st_stairs_2
D:6:      cheibrodos_fertilizer, layout_basic, serial_shops,
          nicolae_shop_advertising_works [nicolae_subvault_shop_adworks], shop,
          shop_scrolls, shop
Temple:   nicolae_temple_godzebo

Skill      XL: |  1  2  3  4  5  6  7  8 |
---------------+-------------------------+-----
Fighting       | 4 5 6 8 |  8.9
Axes           | 3 4 5 7 |  7.7
Shields        | 5 |  5.5
Armour         | |  3.3

Action                   |  1- 3 |  4- 6 |  7- 9 || total
-------------------------+-------+-------+-------++-------
Melee: War axe           |    93 |   197 |   127 ||   417
Invok: Heroism           |       |       |     1 ||     1
  Use: Scroll            |       |     6 |       ||     6
       Potion            |       |       |     1 ||     1
Armor: Scale mail        |    67 |    89 |    26 ||   182
       Ring mail         |       |       |    12 ||    12
Dodge: Dodged            |    51 |    94 |    44 ||   189
Block: Buckler           |    17 |    59 |    66 ||   142
       Reflection        |       |       |     3 ||     3

Table legend: (Time is in decaauts)
 A = Elapsed time spent in this place.
 B = Non-inter-level travel time spent in this place.
 C = Inter-level travel time spent in this place.
 D = Time resting spent in this place.
 E = Time spent auto-exploring this place.
 F = Levels seen in this place.
 G = Mean time per level.
                   A        B        C        D        E       F      G
               +--------+--------+--------+--------+--------+-----+--------+
         Total |   5235 |   4992 |    243 |      0 |   3677 |   8 |  654.4 |
       Dungeon |   4718 |   4509 |    209 |      0 |   3402 |   6 |  786.3 |
        Temple |    127 |     93 |     34 |      0 |     81 |   1 |  127.0 |
         Sewer |    389 |    389 |      0 |      0 |    193 |   1 |  389.0 |
               +--------+--------+--------+--------+--------+-----+--------+

Top non-repeatable levels by time:
     D:3: 1156 daAuts
     D:2: 987 daAuts
     D:1: 871 daAuts
     D:5: 660 daAuts
     D:4: 530 daAuts
     D:6: 511 daAuts
   Sewer: 389 daAuts
  Temple: 127 daAuts
